Map: Terminal stellaire EC (Void)

Players

AgCl

  • Race: Protoss Protoss
  • League: Grandmaster

다시마장사치 - Winner!

  • Race: Protoss Protoss
  • League: Grandmaster

VOD

Have the link to the VOD?

Description

Time

  • Played on: July 14, 2015, 1:41 a.m.
  • Length: 7:11
Show
View Real Time Build Order
Export as new Build Order

AgCl Protoss 

Build Orders: Oracle Opening 

Get SALT Encoding   

  12  0:01  Probe  
  13  0:23  Pylon  
  13  0:24  Probe  
  14  0:35  Assimilator  
  14  0:41  Probe  
  15  0:50  Gateway  
  15  0:54  Probe (Chrono Boost)  
  16  1:06  Probe (Chrono Boost)  
  17  1:13  Probe (Chrono Boost)  
  17  1:18  Pylon  
  18  1:23  Probe  
  19  1:29  Assimilator  
  19  1:35  Probe  
  19  1:39  Zealot (Chrono Boost)  
  22  1:46  Cybernetics Core  
  22  1:47  Probe (Chrono Boost)  
  23  1:59  Probe (Chrono Boost)  
  24  2:08  Probe (Chrono Boost)  
  25  2:16  Probe (Chrono Boost)  
  25  2:19  Pylon  
  26  2:23  Stargate  
  26  2:28  Mothership Core (Chrono Boost)  
  28  2:41  Warp Gate (Chrono Boost)  
  28  2:42  Probe  
  28  2:58  Pylon  
  28  2:59  Stalker (Chrono Boost)  
  28  3:03  Robotics Facility  
  29  3:11  Oracle (Chrono Boost)  
  29  3:28  Stalker (Chrono Boost)  
  32  3:34  Probe  
  26  4:09  Probe  
  27  4:14  Gateway  
  27  4:21  Probe (Chrono Boost)  
  27  4:23  Nexus  
  28  4:30  Probe (Chrono Boost)  
  29  4:38  Probe  
  30  4:50  Probe  
  31  4:59  Robotics Facility  
  31  5:02  Probe (Chrono Boost)  
  32  5:12  Pylon  
  33  5:14  Probe (Chrono Boost)  
  34  5:21  Probe (Chrono Boost)  
  34  5:34  Probe (Chrono Boost)  
  35  5:37  Probe (Chrono Boost), Forge  
  35  5:42  Pylon  
  36  5:47  Observer  
  36  5:49  Probe (Chrono Boost)  
  38  5:53  Probe (Chrono Boost)  
  40  6:01  Probe (Chrono Boost)  
  40  6:04  Probe (Chrono Boost)  
  41  6:08  Probe, Immortal (Chrono Boost)  
  46  6:13  Probe  
  47  6:20  Probe  
  47  6:22  Void Ray (Chrono Boost)  
  52  6:26  Probe  
  52  6:32  Probe  
  46  6:46  Stalker  
  51  6:50  Probe  
  51  6:51  Probe  
  39  7:05  Stalker  
Show
View Real Time Build Order
Export as new Build Order

다시마장사치 Protoss - Winner!

Build Orders:  

Get SALT Encoding   

  12  0:00  Probe  
  13  0:13  Pylon  
  13  0:18  Probe  
  14  0:31  Probe (Chrono Boost)  
  14  0:34  Gateway  
  15  0:41  Probe (Chrono Boost)  
  16  0:45  Assimilator  
  16  0:48  Probe  
  17  0:53  Assimilator  
  17  1:00  Probe  
  18  1:10  Gateway  
  18  1:13  Probe  
  19  1:24  Cybernetics Core  
  19  1:28  Probe  
  20  1:37  Pylon  
  20  1:40  Probe  
  22  2:01  Adept (Chrono Boost)  
  24  2:03  Pylon  
  24  2:04  Adept (Chrono Boost)  
  25  2:12  Mothership Core (Chrono Boost)  
  27  2:16  Warp Gate (Chrono Boost)  
  27  2:26  Probe (Chrono Boost)  
  28  2:31  Adept (Chrono Boost)  
  30  2:38  Probe  
  31  2:49  Pylon  
  31  2:50  Probe  
  34  2:51  Adept (Chrono Boost)  
  34  3:02  Stalker (Chrono Boost), Probe  
  37  3:14  Probe  
  38  3:26  Probe  
  38  3:28  Stalker x2  
  42  3:39  Probe  
  43  3:52  Probe  
  40  3:56  Gateway  
  42  4:06  Probe  
  39  4:17  Gateway  
  39  4:18  Probe  
  39  4:20  Twilight Council  
  39  4:21  Stalker  
  39  4:22  Stalker  
  44  4:30  Probe  
  45  4:36  Pylon  
  45  4:37  Pylon  
  45  4:43  Probe  
  44  4:55  Probe  
  44  4:58  Blink (Chrono Boost)  
  45  5:03  Stalker x2, Pylon  
  49  5:24  Stalker x2  
  49  5:26  Pylon  
  53  5:43  Nexus  
  53  5:57  Stalker  
  53  5:58  Stalker  
  53  6:02  Stalker  
  59  6:17  Stalker  
  59  6:27  Pylon  
  59  6:29  Pylon  
  57  6:34  Robotics Facility  
  55  6:40  Stalker  
  53  7:02  Stalker x2  
  53  7:03  Stalker x2  
Tags
 
Add a new tag
Caveats
  • Supply blocks, unpowered buildings, or Contaminate may cause inaccurate times.
  • Supply counts are checked every 10 seconds.